 Dungeon Crawl Stone Soup version 0.28-a0-771-g91a516d0e7 (webtiles) character file.

Game seed: 16586946635596827913

956 Ijustatesigmund the Shield-Bearer (level 8, -8/67 HPs)
             Began as a Gnoll Fighter on Nov 1, 2021.
             Was an Initiate of Cheibriados.
             Mangled by Pikel (10 damage)
             ... on level 5 of the Dungeon.
             The game lasted 00:08:43 (5077 turns).

Ijustatesigmund the Shield-Bearer (Gnoll Fighter)   Turns: 5077, Time: 00:08:43

Health: -8/67      AC: 10    Str: 17    XL:     8   Next: 14%
Magic:  12/12      EV:  8    Int: 11    God:    Cheibriados [......]
Gold:   61         SH:  5    Dex: 12    Spells: 13/13 levels left

rFire   . . .      SeeInvis .   i - +2 hand axe (flame)
rCold   . . .      Faith    .   c - +0 buckler
rNeg    . . .      Spirit   .   b - +0 chain mail
rPois   .          Reflect  .   (no helmet)
rElec   .          Harm     .   (no cloak)
rCorr   .          Rampage  .   (no gloves)
Will    .....                   (no boots)
Stlth   ..........              (no amulet)
HPRegen 0.21/turn               (no ring)
MPRegen 0.13/turn               (no ring)

@: very slow
A: fangs 1, strong nose, distributed training
a: Renounce Religion, Bend Time


You were on level 5 of the Dungeon.
You worshipped Cheibriados.
Cheibriados was noncommittal.
You visited 1 branch of the dungeon, and saw 5 of its levels.

You collected 131 gold pieces.
You spent 70 gold pieces at shops.

Inventory:

Hand Weapons
 a - a +1 war axe
 i - a +2 hand axe of flaming (weapon)
Missiles
 f - 19 poisoned darts (quivered)
Armour
 b - a +0 chain mail (worn)
 c - a +0 buckler (worn)
Jewellery
 h - a ring of magical power
Scrolls
 e - 2 scrolls of magic mapping
 m - 3 scrolls of identify
 n - a scroll of amnesia {unknown}
Potions
 g - a potion of magic
 j - a potion of berserk rage {unknown}
 k - a potion of brilliance
 o - a potion of degeneration {unknown}


   Skills:
 + Level 7.2 Fighting
 + Level 3.0 Short Blades
 + Level 3.0 Long Blades
 + Level 5.5 Axes
 + Level 3.0 Maces & Flails
 + Level 3.0 Polearms
 + Level 3.0 Staves
 + Level 3.0 Slings
 + Level 3.0 Bows
 + Level 3.0 Crossbows
 + Level 3.0 Throwing
 + Level 7.2 Armour
 + Level 3.0 Dodging
 + Level 3.0 Stealth
 + Level 7.2 Shields
 + Level 3.0 Unarmed Combat
 + Level 3.0 Spellcasting
 + Level 2.4 Conjurations
 + Level 2.4 Hexes
 + Level 2.4 Summonings
 + Level 2.4 Necromancy
 + Level 2.4 Translocations
 + Level 2.4 Transmutations
 + Level 2.4 Fire Magic
 + Level 2.4 Ice Magic
 + Level 2.4 Air Magic
 + Level 2.4 Earth Magic
 + Level 2.4 Poison Magic
 + Level 3.3 Invocations
 + Level 3.0 Evocations


You had 13 spell levels left.
You didn't know any spells.
Your spell library contained the following spells:

 Spells                   Type           Power      Damage    Failure   Level
 Sublimation of Blood     Necr           3%         N/A       86%         2
 Wereblood                Tmut           7%         N/A       86%         2
 Frozen Ramparts          Ice            14%        1d3       97%         3
 Ice Form                 Ice/Tmut       7%         N/A       100%        4
 Summon Ice Beast         Ice/Summ       7%         N/A       100%        4
 Summon Lightning Spire   Summ/Air       7%         N/A       100%        4
 Storm Form               Tmut/Air       3%         N/A       100%        7
 Summon Hydra             Summ           3%         N/A       100%        7
 Maxwell's Capacitive Co  Air            3%         ∞         100%        8


Dungeon Overview and Level Annotations

Branches:
Dungeon (5/15)             Temple (0/1) D:5

Altars:
Ashenzari
Cheibriados
Makhleb
Sif Muna
Uskayaw
Xom

Shops:
D:1 !

Annotations:
D:5 Pikel


Innate Abilities, Weirdness & Mutations

You have very sharp teeth.
Your uncanny sense of smell can sniff out nearby items.
Your experience applies equally to all skills.


Message History

* * * LOW HITPOINT WARNING * * *
Pikel freezes you.
* * * LOW HITPOINT WARNING * * *
You barely miss Pikel.
Pikel is moderately wounded.
Pikel hits you with a +1 whip of freezing!
* * * LOW HITPOINT WARNING * * *
Pikel freezes you.
* * * LOW HITPOINT WARNING * * *
You feel much better.
Pikel hits you with a +1 whip of freezing!
* * * LOW HITPOINT WARNING * * *
Pikel freezes you.
* * * LOW HITPOINT WARNING * * *
You feel much better.
Pikel hits you with a +1 whip of freezing.
Pikel freezes you.
Okay, then.
It was a potion of cancellation.
You feel magically purged.
Pikel hits you with a +1 whip of freezing!
* * * LOW HITPOINT WARNING * * *
Pikel freezes you.
* * * LOW HITPOINT WARNING * * *
Your chain mail prevents you from hitting Pikel.
Pikel is moderately wounded.
Pikel hits you but does no damage.
You hit Pikel but do no damage.
Pikel is moderately wounded.
Pikel hits you with a +1 whip of freezing!
* * * LOW HITPOINT WARNING * * *
Pikel freezes you.
* * * LOW HITPOINT WARNING * * *
You hit Pikel. You burn Pikel.
Pikel is heavily wounded.
Pikel hits you but does no damage.
You hit Pikel. You burn Pikel.
Pikel is heavily wounded.
Pikel looks more healthy.
Pikel hits you with a +1 whip of freezing!
You die...

#.# #.....## #.####.## #......
#.#∆ #..#### #...)...# #......
#.. #####.#.###......
.<.###########.#..##......
#..........#.##.##......
#.########.#.##..###'###
#.#......#.#.###.###.#
#.(..#.###.#.###..##.#
########+#<...#.@K(.#.........#
#.......).###.####(......#.#..#
#.........+ ..##...##.........#
#.........# ####.#5##.#..#....#
.[..[.....#####....(#.#.##....#
..........##....#.#K(.#....#..#
..##########.......(.5######..#
..# #.).#.8.#..........# ..#
#...#(......#:....


You could see Pikel (strong).

Vanquished Creatures
  Sigmund (D:5)
  Duvessa (D:5)
  A necrophage (D:5)
  A centaur (D:5)
  4 lemures
  A bullfrog (D:5)
  Dowan (D:5)
  A crimson imp (D:3)
  A jelly (D:4)
  An orc priest (D:4)
  A hound (D:4)
  Jessica (D:3)
  Terence (D:2)
  2 iguanas
  A hound zombie (D:5)
  A hound skeleton (D:4)
  8 adders
  A shadow imp (D:5)
  An ufetubus (D:4)
  4 dart slugs
  4 orcs
  7 bats
  9 endoplasms
  A giant cockroach (D:2)
  2 goblins
  7 hobgoblins
  3 jackals (D:4)
  7 kobolds
  2 quokkas
  5 ball pythons
  4 frilled lizards
  8 rats
93 creatures vanquished.

Vanquished Creatures (others)
  4 withered plants (D:1)
4 creatures vanquished.

Grand Total: 97 creatures vanquished

Notes
Turn   | Place    | Note
-------+----------+-------------------------------------------
     0 | D:1      | Ijustatesigmund the Gnoll Fighter began the quest for the
                  | Orb.
     0 | D:1      | Reached XP level 1. HP: 23/23 MP: 1/1
   126 | D:1      | Reached XP level 2. HP: 29/29 MP: 2/2
   258 | D:1      | Found a faded altar of an unknown god.
   310 | D:1      | Found Paxor's Distillery.
   447 | D:1      | Reached XP level 3. HP: 35/35 MP: 3/3
   833 | D:2      | Reached skill level 1 in Invocations
   884 | D:2      | Reached skill level 1 in Short Blades
   884 | D:2      | Reached skill level 1 in Long Blades
   884 | D:2      | Reached skill level 1 in Maces & Flails
   884 | D:2      | Reached skill level 1 in Polearms
   884 | D:2      | Reached skill level 1 in Staves
   884 | D:2      | Reached skill level 1 in Slings
   884 | D:2      | Reached skill level 1 in Bows
   884 | D:2      | Reached skill level 1 in Crossbows
   884 | D:2      | Reached skill level 1 in Throwing
   884 | D:2      | Reached skill level 1 in Dodging
   884 | D:2      | Reached skill level 1 in Stealth
   884 | D:2      | Reached skill level 1 in Unarmed Combat
   884 | D:2      | Reached skill level 1 in Spellcasting
   884 | D:2      | Reached skill level 1 in Evocations
  1217 | D:2      | Reached XP level 4. HP: 39/41 MP: 5/5
  1582 | D:2      | Noticed Terence
  1597 | D:2      | Killed Terence
  1598 | D:2      | Reached skill level 1 in Conjurations
  1598 | D:2      | Reached skill level 1 in Hexes
  1598 | D:2      | Reached skill level 1 in Summonings
  1598 | D:2      | Reached skill level 1 in Necromancy
  1598 | D:2      | Reached skill level 1 in Translocations
  1598 | D:2      | Reached skill level 1 in Transmutations
  1598 | D:2      | Reached skill level 1 in Fire Magic
  1598 | D:2      | Reached skill level 1 in Ice Magic
  1598 | D:2      | Reached skill level 1 in Air Magic
  1598 | D:2      | Reached skill level 1 in Earth Magic
  1598 | D:2      | Reached skill level 1 in Poison Magic
  2202 | D:1      | Bought a potion of heal wounds for 70 gold pieces
  2664 | D:3      | Reached XP level 5. HP: 45/47 MP: 6/6
  2746 | D:3      | Found a shimmering blue altar of Sif Muna.
  2762 | D:3      | Found a shimmering altar of Xom.
  2762 | D:3      | Found a burning altar of Makhleb.
  3135 | D:3      | Noticed Jessica
  3141 | D:3      | Killed Jessica
  3251 | D:4      | Reached XP level 6. HP: 33/53 MP: 8/8
  3513 | D:4      | Reached skill level 5 in Axes
  3650 | D:4      | Found a snail-covered altar of Cheibriados.
  3912 | D:4      | Found a broken altar of Ashenzari.
  4140 | D:4      | Became a worshipper of Cheibriados the Contemplative
  4153 | D:5      | Entered Level 5 of the Dungeon
  4168 | D:5      | Reached XP level 7. HP: 48/59 MP: 10/10
  4405 | D:5      | Found a hide-covered altar of Uskayaw.
  4484 | D:5      | Noticed Sigmund
  4495 | D:5      | Killed Sigmund
  4755 | D:5      | Found a staircase to the Ecumenical Temple.
  4758 | D:5      | Noticed Duvessa
  4779 | D:5      | Killed Duvessa
  4780 | D:5      | Reached XP level 8. HP: 56/67 MP: 12/12
  4867 | D:5      | Noticed Dowan
  4878 | D:5      | Killed Dowan
  5048 | D:5      | Noticed Pikel
  5070 | D:5      | HP: 2/67 [Pikel (3)]
  5075 | D:5      | HP: 2/67 [Pikel (3)]
  5077 | D:5      | Mangled by Pikel

Illustrated notes

Levels and vault maps discovered:
D:1:      onia_arrival_pyramid, layout_rooms, serial_corexii_hall,
          chequers_hall_statues_wall_a, chequers_hall_statues_wall_a,
          corexii_hall_statues_s, corexii_hall_statues_i,
          chequers_hall_statues_wall_a, chequers_hall_statues_corner_a,
          serial_shops, nicolae_lakefront_shop,
          ebering_ecumenical_altar_petrified, chequers_serial_rivers_room_a
D:2:      layout_basic, uniq_terence
D:3:      layout_basic, grunt_temple_overflow_champion_of_chaos,
          mainiacjoe_overflow_alcove_1, kennysheep_generic_room_14, uniq_jessica
D:4:      layout_gridville, lemuel_doored_altar, nicolae_ashenzari_panopticon
D:5:      layout_basic, old_standard_altar, minmay_temple_entry_sparse_star,
          uniq_duvessa, uniq_pikel, uniq_sigmund

Skill      XL: |  1  2  3  4  5  6  7  8 |
---------------+-------------------------+-----
Invocations    | 1 2 3 |  3.3
Short Blades   | 1 2 3 |  3.0
Long Blades    | 1 2 3 |  3.0
Maces & Flails | 1 2 3 |  3.0
Polearms       | 1 2 3 |  3.0
Staves         | 1 2 3 |  3.0
Slings         | 1 2 3 |  3.0
Bows           | 1 2 3 |  3.0
Crossbows      | 1 2 3 |  3.0
Throwing       | 1 2 3 |  3.0
Dodging        | 1 2 3 |  3.0
Stealth        | 1 2 3 |  3.0
Unarmed Combat | 1 2 3 |  3.0
Spellcasting   | 1 2 3 |  3.0
Evocations     | 1 2 3 |  3.0
Conjurations   | 1 2 |  2.4
Hexes          | 1 2 |  2.4
Summonings     | 1 2 |  2.4
Necromancy     | 1 2 |  2.4
Translocations | 1 2 |  2.4
Transmutations | 1 2 |  2.4
Fire Magic     | 1 2 |  2.4
Ice Magic      | 1 2 |  2.4
Air Magic      | 1 2 |  2.4
Earth Magic    | 1 2 |  2.4
Poison Magic   | 1 2 |  2.4
Axes           | 5 |  5.5
Fighting       | 7 |  7.2
Armour         | 7 |  7.2
Shields        | 7 |  7.2

Action                   |  1- 3 |  4- 6 |  7- 9 || total
-------------------------+-------+-------+-------++-------
Melee: War axe           |   113 |       |       ||   113
       Bite              |    14 |    12 |    14 ||    40
       Hand axe          |     4 |   163 |   103 ||   270
Throw: Dart              |       |    18 |    33 ||    51
  Use: Scroll            |       |     8 |       ||     8
       Potion            |       |     1 |     3 ||     4
Armor: Scale mail        |    13 |       |       ||    13
       Chain mail        |    48 |    94 |    40 ||   182
Dodge: Dodged            |    39 |    57 |    23 ||   119
Block: Buckler           |    26 |    32 |    15 ||    73

Table legend: (Time is in decaauts)
 A = Elapsed time spent in this place.
 B = Non-inter-level travel time spent in this place.
 C = Inter-level travel time spent in this place.
 D = Time resting spent in this place.
 E = Time spent auto-exploring this place.
 F = Levels seen in this place.
 G = Mean time per level.
                   A        B        C        D        E       F      G
               +--------+--------+--------+--------+--------+-----+--------+
         Total |   5202 |   4932 |    270 |   1023 |   3017 |   5 | 1040.4 |
       Dungeon |   5202 |   4932 |    270 |   1023 |   3017 |   5 | 1040.4 |
               +--------+--------+--------+--------+--------+-----+--------+

Top non-repeatable levels by time:
     D:2: 1668 daAuts
     D:4: 1157 daAuts
     D:1: 827 daAuts
     D:3: 778 daAuts
     D:5: 769 daAuts
